[ AOE2 MATCH · #469193440 ]
UnrankedPoles vs Celts
[ REPLAY ANALYSIS · EXTRACTED FROM THE RECORDED GAME ]
Feudal
16:51
Castle
22:03
Imperial
36:35
| APM avg | 36.7 |
| APM peak | 79 |
| eAPM avg | 27.3 |
| Villagers / military | 236 / 259 |
Focus
⚔️ 31.9% · 🌾 68.1%
Scout Cavalry ×147 · Obuch ×99 · Trebuchet (Packed) ×8 · Militia ×3 · Monk ×1 · Spearman ×1
Feudal
14:16
Castle
27:25
Imperial
51:20
| APM avg | 28.9 |
| APM peak | 55 |
| eAPM avg | 13.5 |
| Villagers / military | 75 / 175 |
Focus
⚔️ 27.7% · 🌾 72.3%
Skirmisher ×136 · Spearman ×18 · Battering Ram ×8 · Monk ×4 · Bombard Cannon ×4 · Archer ×2
Feudal
17:45
Castle
22:30
Imperial
47:38
| APM avg | 31.6 |
| APM peak | 99 |
| eAPM avg | 15.3 |
| Villagers / military | 114 / 455 |
Focus
⚔️ 47.6% · 🌾 52.4%
Berserk ×314 · Spearman ×135 · Trebuchet (Packed) ×6
Feudal
13:54
Castle
22:08
Imperial
41:19
| APM avg | 30.4 |
| APM peak | 79 |
| eAPM avg | 13.7 |
| Villagers / military | 116 / 289 |
Focus
⚔️ 34.0% · 🌾 66.0%
Tarkan ×169 · Skirmisher ×105 · Cavalry Archer ×11 · Trebuchet (Packed) ×4
Feudal
13:11
Castle
18:02
Imperial
42:53
| APM avg | 29.6 |
| APM peak | 78 |
| eAPM avg | 21.9 |
| Villagers / military | 211 / 384 |
Focus
⚔️ 37.4% · 🌾 62.6%
Spearman ×266 · Scorpion ×89 · Battering Ram ×16 · Woad Raider ×10 · Trebuchet (Packed) ×3
Feudal
17:04
Castle
24:29
Imperial
—
| APM avg | 11.1 |
| APM peak | 39 |
| eAPM avg | 8.0 |
| Villagers / military | 103 / 27 |
Focus
⚔️ 15.5% · 🌾 84.5%
Mameluke ×24 · Spearman ×3
Feudal
16:08
Castle
32:30
Imperial
—
| APM avg | 12.8 |
| APM peak | 32 |
| eAPM avg | 6.5 |
| Villagers / military | 102 / 48 |
Focus
⚔️ 20.7% · 🌾 79.3%
War Elephant ×18 · Scout Cavalry ×14 · Militia ×10 · Battering Ram ×5 · Monk ×1
Feudal
15:53
Castle
30:45
Imperial
—
| APM avg | 16.3 |
| APM peak | 36 |
| eAPM avg | 8.6 |
| Villagers / military | 81 / 82 |
Focus
⚔️ 35.1% · 🌾 64.9%
Spearman ×45 · Skirmisher ×37
Match map
Initial resources + every placement click. Lines = walls · curves = elevation contours. ◆ gold · ⬟ stone · ● berries · ✦ relic · ◌ wall gap
Your base· Open — unwalled flank
REMENDAR's base· Open — 7t gap
Henry_V's base· Open — unwalled flank
ChampioN's base· Open — unwalled flank
Marlia's base· Open — unwalled flank
Rog3rX's base· Open — unwalled flank
Cocoa's base· Open — unwalled flank
elrisas's base· Open — unwalled flank
Smoothed initial terrain · ◌ = detected wall gap · hover for details
Inputs per minute
— Dark King - - REMENDAR
Build order — Dark King
First 150 of 766 actions detected
| 0:39 | Build | Town Center |
| 2:14 | Build | House |
| 2:43 | Create | Villager (Male) |
| 2:43 | Create | Villager (Male) |
| 2:43 | Create | Villager (Male) |
| 2:43 | Create | Villager (Male) |
| 2:44 | Create | Villager (Male) |
| 2:44 | Create | Villager (Male) |
| 2:54 | Build | House |
| 3:40 | Research | Loom |
| 3:58 | Create | Villager (Male) |
| 5:25 | Create | Villager (Male) |
| 5:26 | Create | Villager (Male) |
| 5:26 | Create | Villager (Male) |
| 5:52 | Create | Villager (Male) |
| 5:53 | Create | Villager (Male) |
| 5:53 | Create | Villager (Male) |
| 5:55 | Build | House |
| 6:13 | Create | Villager (Male) |
| 6:18 | Create | Villager (Male) |
| 6:18 | Create | Villager (Male) |
| 6:49 | Create | Villager (Male) |
| 7:31 | Create | Villager (Male) |
| 7:31 | Create | Villager (Male) |
| 7:32 | Create | Villager (Male) |
| 7:50 | Build | House |
| 7:55 | Create | Villager (Male) |
| 7:56 | Create | Villager (Male) |
| 7:56 | Create | Villager (Male) |
| 8:00 | Create | Villager (Male) |
| 8:01 | Create | Villager (Male) |
| 8:01 | Create | Villager (Male) |
| 8:33 | Create | Villager (Male) |
| 8:33 | Create | Villager (Male) |
| 8:34 | Create | Villager (Male) |
| 8:34 | Create | Villager (Male) |
| 8:34 | Create | Villager (Male) |
| 8:43 | Create | Villager (Male) |
| 8:43 | Create | Villager (Male) |
| 9:43 | Build | Lumber Camp |
| 10:02 | Build | House |
| 10:30 | Create | Villager (Male) |
| 10:31 | Create | Villager (Male) |
| 10:31 | Create | Villager (Male) |
| 10:31 | Create | Villager (Male) |
| 10:32 | Create | Villager (Male) |
| 10:53 | Create | Villager (Male) |
| 10:54 | Create | Villager (Male) |
| 10:54 | Create | Villager (Male) |
| 10:54 | Create | Villager (Male) |
| 10:55 | Create | Villager (Male) |
| 11:45 | Build | Mill |
| 12:46 | Build | Farm |
| 12:50 | Build | Farm |
| 12:52 | Build | Farm |
| 12:56 | Create | Villager (Male) |
| 13:03 | Build | Farm |
| 13:20 | Build | Farm |
| 13:21 | Build | Farm |
| 13:23 | Build | Farm |
| 13:24 | Build | Farm |
| 13:38 | Create | Villager (Male) |
| 13:57 | Create | Villager (Male) |
| 14:35 | Build | Mill |
| 14:41 | Research | Feudal Age |
| 15:24 | Create | Villager (Male) |
| 15:54 | Build | Barracks |
| 15:55 | Create | Villager (Male) |
| 16:00 | Create | Villager (Male) |
| 16:29 | Build | Mining Camp |
| 16:39 | Build | Lumber Camp |
| 16:51 | Age | Feudal Age |
| 16:56 | Build | Blacksmith |
| 16:58 | Research | Horse Collar |
| 16:59 | Create | Villager (Male) |
| 17:08 | Research | Double-Bit Axe |
| 17:08 | Research | Double-Bit Axe |
| 17:15 | Build | Stable |
| 17:20 | Create | Villager (Male) |
| 17:28 | Build | Farm |
| 17:30 | Build | Farm |
| 17:30 | Build | Farm |
| 17:32 | Build | Farm |
| 17:33 | Build | Farm |
| 17:39 | Build | Farm |
| 18:03 | Create | Villager (Male) |
| 18:44 | Build | Mining Camp |
| 19:23 | Research | Castle Age |
| 19:23 | Research | Castle Age |
| 19:23 | Research | Castle Age |
| 19:32 | Research | Stone Mining |
| 19:43 | Create | Villager (Male) |
| 20:10 | Create | Scout Cavalry |
| 20:21 | Build | Lumber Camp |
| 20:47 | Build | House |
| 20:50 | Build | House |
| 21:10 | Create | Villager (Male) |
| 21:28 | Create | Villager (Male) |
| 21:38 | Create | Villager (Male) |
| 21:52 | Research | Gold Mining |
| 21:53 | Create | Villager (Male) |
| 22:03 | Age | Castle Age |
| 22:07 | Build | University |
| 22:18 | Build | Castle |
| 22:22 | Research | Fletching |
| 22:30 | Create | Spearman |
| 22:34 | Create | Militia |
| 22:38 | Create | Militia |
| 22:41 | Create | Militia |
| 23:00 | Create | Villager (Male) |
| 23:01 | Create | Villager (Male) |
| 23:08 | Create | Villager (Male) |
| 23:22 | Create | Obuch |
| 23:28 | Create | Obuch |
| 23:51 | Create | Villager (Male) |
| 23:51 | Create | Villager (Male) |
| 23:51 | Create | Villager (Male) |
| 23:52 | Create | Villager (Male) |
| 23:57 | Create | Obuch |
| 24:04 | Create | Villager (Male) |
| 24:17 | Research | Bodkin Arrow |
| 24:17 | Research | Bodkin Arrow |
| 24:19 | Create | Villager (Male) |
| 24:41 | Create | Villager (Male) |
| 25:10 | Create | Villager (Male) |
| 25:11 | Create | Villager (Male) |
| 25:16 | Research | Bow Saw |
| 25:16 | Research | Bow Saw |
| 25:16 | Research | Bow Saw |
| 25:31 | Create | Villager (Male) |
| 25:53 | Create | Villager (Male) |
| 25:58 | Create | Obuch |
| 26:07 | Create | Obuch |
| 26:14 | Create | Villager (Male) |
| 26:15 | Create | Villager (Male) |
| 26:21 | Build | Town Center |
| 26:24 | Create | Obuch |
| 26:41 | Create | Obuch |
| 26:44 | Create | Villager (Male) |
| 26:55 | Create | Villager (Male) |
| 27:35 | Create | Villager (Male) |
| 27:36 | Create | Villager (Male) |
| 27:36 | Create | Villager (Male) |
| 27:37 | Create | Villager (Male) |
| 27:38 | Create | Villager (Male) |
| 27:38 | Create | Villager (Male) |
| 28:10 | Build | Town Center |
| 28:14 | Create | Villager (Male) |
| 28:19 | Research | Wheelbarrow |
| 28:20 | Create | Villager (Male) |
Build order — REMENDAR
First 150 of 258 actions detected
| 2:15 | Build | Town Center |
| 4:04 | Build | House |
| 4:10 | Research | Loom |
| 4:11 | Create | Villager (Male) |
| 4:11 | Create | Villager (Male) |
| 4:11 | Create | Villager (Male) |
| 4:12 | Create | Villager (Male) |
| 6:13 | Create | Villager (Male) |
| 6:45 | Create | Villager (Male) |
| 6:56 | Build | House |
| 7:14 | Create | Villager (Male) |
| 7:14 | Create | Villager (Male) |
| 7:47 | Create | Villager (Male) |
| 9:03 | Create | Villager (Male) |
| 9:03 | Create | Villager (Male) |
| 9:28 | Build | House |
| 9:37 | Create | Villager (Male) |
| 9:56 | Create | Villager (Male) |
| 10:40 | Build | Lumber Camp |
| 10:50 | Create | Villager (Male) |
| 11:13 | Build | Mill |
| 11:16 | Create | Villager (Male) |
| 11:30 | Create | Villager (Male) |
| 11:53 | Research | Feudal Age |
| 13:19 | Build | House |
| 13:40 | Build | Mining Camp |
| 13:44 | Create | Villager (Male) |
| 14:01 | Build | Mill |
| 14:07 | Build | Palisade Wall |
| 14:11 | Create | Villager (Male) |
| 14:11 | Create | Villager (Male) |
| 14:16 | Age | Feudal Age |
| 14:24 | Build | Blacksmith |
| 14:25 | Create | Villager (Male) |
| 15:36 | Create | Villager (Male) |
| 15:48 | Build | Barracks |
| 16:15 | Create | Villager (Male) |
| 16:47 | Build | Archery Range |
| 16:48 | Create | Spearman |
| 16:58 | Build | House |
| 17:02 | Create | Villager (Male) |
| 17:18 | Build | House |
| 17:24 | Create | Villager (Male) |
| 17:28 | Create | Villager (Male) |
| 17:49 | Create | Villager (Male) |
| 17:54 | Create | Skirmisher |
| 17:54 | Create | Skirmisher |
| 18:01 | Create | Spearman |
| 18:19 | Create | Villager (Male) |
| 18:19 | Create | Villager (Male) |
| 18:28 | Create | Spearman |
| 18:29 | Create | Skirmisher |
| 18:51 | Create | Skirmisher |
| 18:56 | Create | Villager (Male) |
| 18:56 | Create | Villager (Male) |
| 19:01 | Build | House |
| 19:41 | Create | Villager (Male) |
| 19:49 | Build | House |
| 20:07 | Build | Mill |
| 20:57 | Create | Skirmisher |
| 20:58 | Create | Skirmisher |
| 21:03 | Build | Farm |
| 21:42 | Create | Skirmisher |
| 21:49 | Research | Wheelbarrow |
| 22:01 | Build | Watch Tower |
| 22:08 | Build | House |
| 22:09 | Build | House |
| 22:11 | Create | Villager (Male) |
| 22:12 | Create | Villager (Male) |
| 22:16 | Build | Mining Camp |
| 22:54 | Build | Watch Tower |
| 23:02 | Create | Skirmisher |
| 23:12 | Build | Market |
| 23:14 | Create | Villager (Male) |
| 23:14 | Create | Villager (Male) |
| 24:06 | Build | Mining Camp |
| 24:22 | Research | Castle Age |
| 24:25 | Build | Farm |
| 24:28 | Build | Farm |
| 25:04 | Research | Horse Collar |
| 25:12 | Create | Villager (Male) |
| 25:18 | Create | Archer |
| 25:49 | Create | Archer |
| 26:09 | Create | Skirmisher |
| 26:15 | Research | Fletching |
| 26:27 | Build | Archery Range |
| 26:35 | Build | House |
| 26:39 | Create | Skirmisher |
| 26:56 | Create | Skirmisher |
| 27:25 | Age | Castle Age |
| 27:52 | Build | Castle |
| 28:00 | Build | Archery Range |
| 28:04 | Create | Skirmisher |
| 28:04 | Create | Skirmisher |
| 28:05 | Create | Skirmisher |
| 28:18 | Build | Palisade Wall |
| 29:36 | Research | Elite Skirmisher (upgrade) |
| 29:39 | Create | Skirmisher |
| 29:39 | Create | Skirmisher |
| 29:49 | Build | Farm |
| 29:49 | Build | Farm |
| 29:50 | Build | Farm |
| 29:50 | Build | Farm |
| 29:50 | Build | Farm |
| 29:50 | Build | Farm |
| 29:51 | Build | Farm |
| 29:51 | Build | Farm |
| 29:52 | Build | Farm |
| 29:52 | Build | Farm |
| 30:00 | Research | Bodkin Arrow |
| 30:17 | Build | Town Center |
| 30:20 | Research | Hand Cart |
| 31:40 | Build | Mining Camp |
| 31:47 | Build | Siege Workshop |
| 31:51 | Create | Cataphract |
| 31:56 | Create | Skirmisher |
| 31:56 | Create | Skirmisher |
| 32:13 | Create | Villager (Male) |
| 32:13 | Create | Villager (Male) |
| 32:22 | Create | Battering Ram |
| 32:23 | Create | Battering Ram |
| 33:00 | Build | Archery Range |
| 33:02 | Create | Skirmisher |
| 33:02 | Create | Skirmisher |
| 33:02 | Create | Skirmisher |
| 33:33 | Create | Battering Ram |
| 34:26 | Create | Battering Ram |
| 34:32 | Create | Skirmisher |
| 34:32 | Create | Skirmisher |
| 34:32 | Create | Skirmisher |
| 34:32 | Create | Skirmisher |
| 34:32 | Create | Skirmisher |
| 34:33 | Create | Skirmisher |
| 34:33 | Create | Skirmisher |
| 34:33 | Create | Skirmisher |
| 34:33 | Create | Skirmisher |
| 35:39 | Create | Skirmisher ×5 |
| 35:42 | Build | Archery Range |
| 35:46 | Create | Skirmisher ×5 |
| 35:46 | Create | Skirmisher ×5 |
| 35:46 | Create | Skirmisher ×2 |
| 35:47 | Create | Skirmisher |
| 35:51 | Create | Villager (Male) ×5 |
| 35:53 | Create | Villager (Male) ×5 |
| 35:57 | Create | Villager (Male) |
| 36:27 | Build | University |
| 37:04 | Create | Battering Ram |
| 38:09 | Build | House |
| 38:09 | Build | House |
| 38:27 | Research | Pikeman (upgrade) |
Build order — Henry_V
First 150 of 531 actions detected
| 1:01 | Build | Town Center |
| 2:37 | Build | House |
| 2:39 | Build | House |
| 3:23 | Create | Villager (Male) |
| 3:23 | Create | Villager (Male) |
| 3:23 | Create | Villager (Male) |
| 3:23 | Create | Villager (Male) |
| 3:23 | Create | Villager (Male) |
| 3:24 | Create | Villager (Male) |
| 3:45 | Build | House |
| 3:52 | Build | House |
| 4:23 | Create | Villager (Male) |
| 4:23 | Create | Villager (Male) |
| 4:39 | Research | Loom |
| 4:40 | Create | Villager (Male) |
| 4:40 | Create | Villager (Male) |
| 4:40 | Create | Villager (Male) |
| 4:56 | Build | House |
| 4:59 | Build | House |
| 5:12 | Create | Villager (Male) |
| 5:12 | Create | Villager (Male) |
| 5:49 | Create | Villager (Male) |
| 5:50 | Create | Villager (Male) |
| 6:45 | Create | Villager (Male) |
| 6:45 | Create | Villager (Male) |
| 6:45 | Create | Villager (Male) |
| 6:46 | Create | Villager (Male) |
| 7:24 | Build | Mill |
| 7:36 | Create | Villager (Male) |
| 7:36 | Create | Villager (Male) |
| 7:36 | Create | Villager (Male) |
| 8:50 | Create | Villager (Male) |
| 8:50 | Create | Villager (Male) |
| 8:50 | Create | Villager (Male) |
| 9:28 | Create | Villager (Male) |
| 9:28 | Create | Villager (Male) |
| 9:29 | Create | Villager (Male) |
| 10:16 | Create | Villager (Male) |
| 10:16 | Create | Villager (Male) |
| 10:16 | Create | Villager (Male) |
| 10:17 | Create | Villager (Male) |
| 11:22 | Build | House |
| 11:29 | Build | House |
| 11:45 | Create | Villager (Male) |
| 11:47 | Create | Villager (Male) |
| 12:31 | Build | Farm |
| 12:33 | Build | Farm |
| 12:34 | Build | Farm |
| 12:36 | Build | Farm |
| 12:46 | Build | Mining Camp |
| 12:54 | Create | Villager (Male) |
| 12:58 | Create | Villager (Male) |
| 12:58 | Create | Villager (Male) |
| 13:05 | Build | Mining Camp |
| 13:13 | Build | House |
| 13:14 | Build | House |
| 13:26 | Build | Farm |
| 13:28 | Build | Farm |
| 13:30 | Build | Farm |
| 13:31 | Build | Farm |
| 13:33 | Build | Farm |
| 14:01 | Build | Farm |
| 14:07 | Create | Villager (Male) |
| 14:14 | Build | Farm |
| 14:16 | Build | Farm |
| 14:47 | Create | Villager (Male) |
| 14:56 | Build | Farm |
| 15:35 | Research | Feudal Age |
| 15:44 | Build | House |
| 15:46 | Build | House |
| 16:13 | Build | Palisade Wall |
| 16:50 | Create | Villager (Male) ×5 |
| 17:27 | Build | Palisade Wall |
| 17:45 | Age | Feudal Age |
| 17:53 | Build | Market |
| 18:01 | Build | House |
| 18:10 | Build | Stone Wall |
| 18:27 | Build | Blacksmith |
| 18:32 | Build | House |
| 18:40 | Build | House |
| 18:45 | Build | Stone Wall |
| 19:20 | Build | Lumber Camp |
| 19:44 | Research | Castle Age |
| 19:44 | Research | Castle Age |
| 20:11 | Research | Double-Bit Axe |
| 20:36 | Research | Horse Collar |
| 21:28 | Build | Gate |
| 21:36 | Build | Stone Wall |
| 21:56 | Create | Villager (Male) ×5 |
| 21:56 | Create | Villager (Male) ×5 |
| 22:21 | Build | Stone Wall |
| 22:30 | Age | Castle Age |
| 22:43 | Build | Town Center |
| 23:13 | Research | Heavy Plow |
| 24:13 | Build | Castle |
| 24:29 | Create | Villager (Male) ×5 |
| 24:36 | Build | Farm |
| 24:38 | Build | Farm |
| 24:40 | Build | Farm |
| 24:41 | Build | Farm |
| 24:44 | Build | Farm |
| 25:21 | Build | Lumber Camp |
| 25:29 | Build | Farm |
| 26:04 | Research | Bow Saw |
| 26:06 | Create | Villager (Male) |
| 26:06 | Create | Villager (Male) |
| 26:06 | Create | Villager (Male) |
| 26:06 | Create | Villager (Male) |
| 26:07 | Create | Villager (Male) |
| 26:07 | Create | Villager (Male) |
| 26:07 | Create | Villager (Male) |
| 26:08 | Create | Villager (Male) |
| 26:08 | Create | Villager (Male) |
| 26:08 | Create | Villager (Male) |
| 26:08 | Create | Villager (Male) |
| 26:30 | Build | Farm |
| 26:36 | Build | Farm |
| 26:38 | Build | Farm |
| 26:43 | Research | Gold Mining |
| 26:57 | Build | Mining Camp |
| 27:09 | Create | Berserk |
| 27:10 | Create | Berserk |
| 27:10 | Create | Berserk |
| 27:10 | Create | Berserk |
| 27:10 | Create | Berserk |
| 27:10 | Create | Berserk |
| 27:27 | Create | Berserk |
| 27:27 | Create | Berserk |
| 27:41 | Create | Berserk |
| 27:42 | Create | Berserk |
| 27:42 | Create | Berserk |
| 27:53 | Build | Farm |
| 27:55 | Create | Berserk |
| 27:55 | Create | Berserk |
| 28:03 | Build | Farm |
| 28:06 | Build | Farm |
| 28:08 | Build | Farm |
| 28:09 | Build | Farm |
| 28:16 | Create | Villager (Male) |
| 28:17 | Create | Villager (Male) |
| 28:18 | Create | Villager (Male) |
| 28:21 | Create | Villager (Male) |
| 28:30 | Build | Farm |
| 28:31 | Build | Farm |
| 28:33 | Build | Farm |
| 28:35 | Build | Farm |
| 28:48 | Create | Villager (Male) |
| 28:48 | Create | Villager (Male) |
| 28:48 | Create | Villager (Male) |
| 28:49 | Create | Villager (Male) |
Build order — ChampioN
First 150 of 403 actions detected
| 0:53 | Build | Town Center |
| 3:24 | Create | Villager (Male) |
| 3:24 | Create | Villager (Male) |
| 3:24 | Create | Villager (Male) |
| 3:48 | Create | Villager (Male) |
| 3:48 | Create | Villager (Male) |
| 4:33 | Create | Villager (Male) |
| 4:33 | Create | Villager (Male) |
| 5:14 | Build | Mill |
| 5:19 | Create | Villager (Male) |
| 5:19 | Create | Villager (Male) |
| 5:53 | Create | Villager (Male) |
| 5:53 | Create | Villager (Male) |
| 5:53 | Create | Villager (Male) |
| 6:41 | Create | Villager (Male) |
| 6:57 | Create | Villager (Male) |
| 7:22 | Create | Villager (Male) |
| 7:22 | Create | Villager (Male) |
| 7:39 | Create | Villager (Male) |
| 7:39 | Create | Villager (Male) |
| 7:39 | Create | Villager (Male) |
| 8:18 | Create | Villager (Male) |
| 9:14 | Build | Mill |
| 9:24 | Build | Mill |
| 9:27 | Create | Villager (Male) |
| 9:28 | Create | Villager (Male) |
| 9:28 | Create | Villager (Male) |
| 9:28 | Create | Villager (Male) |
| 10:08 | Build | Lumber Camp |
| 11:05 | Build | Mining Camp |
| 11:15 | Research | Loom |
| 11:19 | Create | Villager (Male) |
| 11:40 | Research | Feudal Age |
| 11:46 | Build | Mill |
| 12:38 | Create | Villager (Male) |
| 12:38 | Create | Villager (Male) |
| 12:39 | Create | Villager (Male) |
| 13:04 | Build | Barracks |
| 13:54 | Age | Feudal Age |
| 14:26 | Build | Stable |
| 14:51 | Create | Villager (Male) |
| 14:52 | Create | Villager (Male) |
| 14:52 | Create | Villager (Male) |
| 15:15 | Build | Palisade Wall |
| 15:40 | Build | Palisade Gate |
| 15:50 | Create | Villager (Male) |
| 15:54 | Build | Palisade Gate |
| 15:57 | Build | Palisade Wall |
| 16:32 | Build | Farm |
| 16:33 | Build | Farm |
| 16:38 | Build | Farm |
| 16:42 | Build | Farm |
| 16:43 | Build | Farm |
| 16:45 | Build | Farm |
| 16:46 | Build | Farm |
| 16:56 | Create | Villager (Male) |
| 16:56 | Create | Villager (Male) |
| 17:02 | Build | Farm |
| 17:23 | Build | Palisade Wall |
| 17:34 | Build | Farm |
| 17:52 | Research | Loom |
| 18:10 | Build | Market |
| 18:16 | Build | Palisade Gate |
| 18:19 | Build | Palisade Wall |
| 18:23 | Create | Villager (Male) |
| 18:23 | Create | Villager (Male) |
| 18:29 | Build | Farm |
| 18:51 | Build | Farm |
| 18:52 | Build | Farm |
| 19:25 | Build | Palisade Gate |
| 19:28 | Research | Castle Age |
| 19:55 | Build | Stable |
| 20:01 | Build | Palisade Wall |
| 20:12 | Build | Palisade Wall |
| 20:41 | Research | Double-Bit Axe |
| 20:57 | Build | Palisade Wall |
| 21:04 | Build | Palisade Wall |
| 21:11 | Create | Villager (Male) |
| 21:12 | Create | Villager (Male) |
| 21:15 | Build | Farm |
| 21:51 | Research | Gold Mining |
| 22:08 | Age | Castle Age |
| 22:12 | Build | Castle |
| 22:22 | Create | Villager (Male) |
| 22:58 | Build | Town Center |
| 23:01 | Create | Villager (Male) |
| 23:01 | Create | Villager (Male) |
| 23:14 | Build | Farm |
| 23:15 | Build | Farm |
| 23:18 | Build | Farm |
| 23:19 | Build | Farm |
| 23:31 | Create | Villager (Male) |
| 23:31 | Create | Villager (Male) |
| 23:45 | Create | Tarkan |
| 23:46 | Create | Tarkan |
| 23:46 | Create | Tarkan |
| 23:46 | Create | Tarkan |
| 23:46 | Create | Tarkan |
| 24:15 | Create | Tarkan |
| 24:17 | Create | Villager (Male) |
| 24:21 | Build | Farm |
| 24:22 | Build | Farm |
| 24:23 | Build | Farm |
| 24:24 | Build | Farm |
| 24:27 | Build | Farm |
| 24:30 | Build | Farm |
| 24:31 | Build | Farm |
| 24:33 | Create | Villager (Male) |
| 24:34 | Create | Villager (Male) |
| 24:34 | Create | Villager (Male) |
| 24:43 | Create | Villager (Male) |
| 24:44 | Create | Villager (Male) |
| 25:02 | Create | Villager (Male) |
| 25:06 | Build | Farm |
| 25:08 | Build | Farm |
| 25:19 | Research | Bow Saw |
| 25:26 | Create | Tarkan |
| 25:26 | Create | Tarkan |
| 25:40 | Create | Villager (Male) |
| 25:42 | Create | Villager (Male) |
| 25:48 | Create | Villager (Male) |
| 25:52 | Build | Farm |
| 26:12 | Create | Tarkan |
| 26:13 | Create | Tarkan |
| 26:13 | Create | Tarkan |
| 26:35 | Create | Tarkan |
| 26:35 | Create | Tarkan |
| 26:57 | Create | Tarkan |
| 27:00 | Create | Villager (Male) |
| 27:00 | Create | Villager (Male) |
| 27:00 | Create | Villager (Male) |
| 27:01 | Build | Farm |
| 27:03 | Build | Farm |
| 27:06 | Build | Farm |
| 27:07 | Create | Villager (Male) |
| 27:20 | Build | Farm |
| 27:28 | Build | Farm |
| 27:35 | Create | Villager (Male) |
| 27:36 | Create | Villager (Male) |
| 27:36 | Create | Villager (Male) |
| 27:42 | Create | Tarkan |
| 27:48 | Create | Villager (Male) |
| 27:52 | Build | Lumber Camp |
| 28:06 | Create | Villager (Male) |
| 28:18 | Build | Lumber Camp |
| 28:25 | Build | Lumber Camp |
| 28:32 | Create | Tarkan |
| 28:33 | Create | Tarkan |
| 28:37 | Create | Villager (Male) |
| 28:49 | Create | Tarkan |
Build order — Marlia
First 150 of 772 actions detected
| 0:40 | Build | Town Center |
| 1:02 | Build | House |
| 2:42 | Create | Villager (Male) |
| 2:43 | Create | Villager (Male) |
| 2:43 | Create | Villager (Male) |
| 2:43 | Create | Villager (Male) |
| 3:56 | Create | Villager (Male) |
| 4:18 | Build | House |
| 4:30 | Build | House |
| 5:12 | Create | Villager (Male) |
| 5:27 | Create | Villager (Male) |
| 5:37 | Create | Villager (Male) |
| 5:37 | Create | Villager (Male) |
| 6:03 | Create | Villager (Male) |
| 6:06 | Research | Loom |
| 6:09 | Build | House |
| 6:26 | Create | Villager (Male) |
| 6:44 | Create | Villager (Male) |
| 6:56 | Create | Villager (Male) |
| 7:36 | Build | House |
| 7:42 | Create | Villager (Male) |
| 8:10 | Create | Villager (Male) |
| 8:29 | Create | Villager (Male) |
| 8:39 | Build | Mining Camp |
| 8:57 | Create | Villager (Male) |
| 9:28 | Create | Villager (Male) |
| 9:35 | Create | Villager (Male) |
| 9:57 | Build | House |
| 10:10 | Build | Mill |
| 10:12 | Create | Villager (Male) |
| 10:44 | Create | Villager (Male) |
| 10:55 | Build | House |
| 11:01 | Research | Feudal Age |
| 11:28 | Build | Mill |
| 12:59 | Create | Villager (Male) |
| 13:11 | Age | Feudal Age |
| 13:19 | Build | Market |
| 13:20 | Build | Blacksmith |
| 13:29 | Create | Villager (Male) |
| 14:01 | Create | Villager (Male) |
| 14:24 | Create | Villager (Male) |
| 14:29 | Build | House |
| 15:22 | Research | Castle Age |
| 15:22 | Research | Castle Age |
| 15:32 | Build | Lumber Camp |
| 16:05 | Research | Double-Bit Axe |
| 16:18 | Research | Horse Collar |
| 17:40 | Build | Farm |
| 17:40 | Build | Farm |
| 17:41 | Build | Farm |
| 17:42 | Build | Farm |
| 17:45 | Build | Farm |
| 18:02 | Age | Castle Age |
| 18:06 | Build | Town Center |
| 18:09 | Build | Town Center |
| 18:12 | Create | Villager (Male) |
| 18:28 | Build | Town Center |
| 18:32 | Create | Villager (Male) |
| 18:38 | Build | Farm |
| 18:43 | Build | Farm |
| 19:01 | Create | Villager (Male) |
| 19:28 | Create | Villager (Male) |
| 19:33 | Build | Farm |
| 19:45 | Create | Villager (Male) |
| 19:49 | Build | Farm |
| 19:50 | Build | Farm |
| 19:51 | Build | Farm |
| 20:01 | Build | Farm |
| 20:03 | Create | Villager (Male) |
| 20:22 | Build | Farm |
| 20:23 | Build | Farm |
| 20:26 | Create | Villager (Male) |
| 20:35 | Build | Farm |
| 20:40 | Create | Villager (Male) |
| 21:01 | Build | Farm |
| 21:03 | Create | Villager (Male) |
| 21:19 | Create | Villager (Male) |
| 21:22 | Build | Farm |
| 21:24 | Create | Villager (Male) |
| 21:26 | Build | Farm |
| 21:39 | Build | House |
| 21:41 | Create | Villager (Male) |
| 21:42 | Create | Villager (Male) |
| 21:47 | Build | Farm |
| 21:49 | Create | Villager (Male) |
| 21:53 | Build | Farm |
| 22:08 | Create | Villager (Male) |
| 22:09 | Create | Villager (Male) |
| 22:09 | Create | Villager (Male) |
| 22:13 | Build | House |
| 22:17 | Create | Villager (Male) |
| 22:21 | Build | Farm |
| 22:27 | Create | Villager (Male) |
| 22:27 | Create | Villager (Male) |
| 22:34 | Create | Villager (Male) |
| 22:41 | Build | Farm |
| 22:45 | Build | Farm |
| 22:51 | Build | House |
| 22:53 | Create | Villager (Male) |
| 22:53 | Create | Villager (Male) |
| 22:53 | Create | Villager (Male) |
| 22:57 | Create | Villager (Male) |
| 23:03 | Create | Villager (Male) |
| 23:32 | Build | Palisade Gate |
| 23:33 | Create | Villager (Male) |
| 23:35 | Create | Villager (Male) |
| 23:35 | Create | Villager (Male) |
| 23:36 | Create | Villager (Male) |
| 23:36 | Create | Villager (Male) |
| 23:42 | Build | Mining Camp |
| 23:46 | Build | Mill |
| 23:47 | Build | Farm |
| 23:47 | Build | Farm |
| 23:48 | Build | Farm |
| 23:49 | Build | Farm |
| 23:55 | Build | Farm |
| 23:56 | Build | Farm |
| 23:59 | Build | Farm |
| 24:00 | Create | Villager (Male) |
| 24:01 | Create | Villager (Male) |
| 24:01 | Create | Villager (Male) |
| 24:01 | Create | Villager (Male) |
| 24:14 | Create | Villager (Male) |
| 24:14 | Create | Villager (Male) |
| 24:20 | Build | Farm |
| 24:34 | Build | Farm |
| 24:40 | Build | Mining Camp |
| 24:43 | Create | Villager (Male) |
| 24:44 | Create | Villager (Male) |
| 24:45 | Create | Villager (Male) |
| 24:47 | Create | Villager (Male) |
| 24:53 | Build | Outpost |
| 24:53 | Build | House |
| 25:01 | Build | House |
| 25:02 | Build | House |
| 25:03 | Build | House |
| 25:08 | Research | Wheelbarrow |
| 25:11 | Research | Town Watch |
| 25:15 | Create | Villager (Male) |
| 26:04 | Create | Villager (Male) |
| 26:05 | Create | Villager (Male) |
| 26:06 | Create | Villager (Male) |
| 26:08 | Create | Villager (Male) |
| 26:39 | Build | Outpost |
| 26:40 | Build | House |
| 26:43 | Research | Forging |
| 26:43 | Research | Scale Mail Armor |
| 26:44 | Create | Villager (Male) |
| 26:47 | Research | Hand Cart |
| 26:51 | Build | Mill |
Build order — Rog3rX
First 150 of 230 actions detected
| 0:47 | Build | Town Center |
| 2:54 | Build | House |
| 3:22 | Build | Lumber Camp |
| 3:32 | Create | Villager (Male) |
| 3:32 | Create | Villager (Male) |
| 3:33 | Create | Villager (Male) |
| 3:52 | Create | Villager (Male) |
| 5:05 | Create | Villager (Male) |
| 5:46 | Build | House |
| 5:48 | Build | House |
| 5:59 | Create | Villager (Male) |
| 5:59 | Create | Villager (Male) |
| 6:37 | Create | Villager (Male) |
| 6:38 | Create | Villager (Male) |
| 7:09 | Create | Villager (Male) |
| 7:50 | Create | Villager (Male) |
| 8:30 | Build | Mill |
| 9:11 | Create | Villager (Male) |
| 9:12 | Create | Villager (Male) |
| 9:14 | Create | Villager (Male) |
| 9:15 | Create | Villager (Male) |
| 9:57 | Create | Villager (Male) |
| 10:38 | Create | Villager (Male) |
| 10:38 | Create | Villager (Male) |
| 10:45 | Build | Farm |
| 10:46 | Build | Farm |
| 10:46 | Build | Farm |
| 11:13 | Build | House |
| 11:16 | Build | House |
| 11:22 | Build | House |
| 12:15 | Build | Farm |
| 12:15 | Build | Farm |
| 12:16 | Build | Farm |
| 12:16 | Build | Farm |
| 12:16 | Build | Farm |
| 12:16 | Build | Farm |
| 13:06 | Create | Villager (Male) |
| 13:06 | Create | Villager (Male) |
| 13:07 | Create | Villager (Male) |
| 13:42 | Build | Farm |
| 13:42 | Build | Farm |
| 13:42 | Build | Farm |
| 13:43 | Build | Farm |
| 14:07 | Create | Villager (Male) |
| 14:18 | Build | Farm |
| 14:35 | Build | Farm |
| 14:54 | Research | Feudal Age |
| 15:19 | Build | House |
| 15:20 | Build | House |
| 15:23 | Build | House |
| 15:24 | Build | House |
| 15:26 | Build | House |
| 15:27 | Build | House |
| 15:38 | Create | Villager (Male) |
| 15:56 | Build | Mining Camp |
| 16:02 | Create | Villager (Male) |
| 16:38 | Create | Villager (Male) |
| 17:02 | Create | Villager (Male) |
| 17:04 | Age | Feudal Age |
| 17:33 | Create | Villager (Male) |
| 18:00 | Create | Villager (Male) |
| 18:44 | Build | Market |
| 18:52 | Build | Barracks |
| 19:08 | Build | Blacksmith |
| 19:31 | Research | Wheelbarrow |
| 20:38 | Build | Archery Range |
| 21:18 | Create | Spearman |
| 21:19 | Create | Spearman |
| 21:49 | Research | Castle Age |
| 21:59 | Create | Spearman |
| 22:03 | Create | Villager (Male) |
| 22:07 | Create | Villager (Male) |
| 22:20 | Research | Scale Barding Armor |
| 24:05 | Create | Villager (Male) |
| 24:05 | Create | Villager (Male) |
| 24:05 | Create | Villager (Male) |
| 24:29 | Age | Castle Age |
| 25:31 | Build | Watch Tower |
| 29:10 | Build | Town Center |
| 30:15 | Create | Villager (Male) |
| 30:15 | Create | Villager (Male) |
| 30:15 | Create | Villager (Male) |
| 30:15 | Create | Villager (Male) |
| 30:16 | Create | Villager (Male) |
| 30:46 | Create | Villager (Male) |
| 31:27 | Build | Town Center |
| 31:51 | Create | Villager (Male) |
| 31:51 | Create | Villager (Male) |
| 32:34 | Build | Lumber Camp |
| 32:39 | Create | Villager (Male) |
| 34:33 | Create | Villager (Male) |
| 34:34 | Create | Villager (Male) |
| 34:36 | Create | Villager (Male) |
| 35:11 | Create | Villager (Male) |
| 35:12 | Create | Villager (Male) |
| 35:33 | Create | Villager (Male) |
| 35:34 | Create | Villager (Male) |
| 35:34 | Create | Villager (Male) |
| 35:35 | Create | Villager (Male) |
| 36:10 | Create | Villager (Male) |
| 36:10 | Create | Villager (Male) |
| 36:46 | Build | Mining Camp |
| 36:55 | Build | Mining Camp |
| 37:00 | Create | Villager (Male) |
| 37:01 | Create | Villager (Male) |
| 37:01 | Create | Villager (Male) |
| 37:10 | Build | Farm |
| 37:11 | Build | Farm |
| 37:11 | Build | Farm |
| 37:11 | Build | Farm |
| 37:11 | Build | Farm |
| 37:11 | Build | Farm |
| 37:29 | Create | Villager (Male) |
| 37:30 | Create | Villager (Male) |
| 38:18 | Build | Market |
| 38:36 | Build | Stable |
| 38:38 | Build | Stable |
| 39:00 | Build | Town Center |
| 39:31 | Create | Villager (Male) |
| 39:32 | Create | Villager (Male) |
| 39:32 | Create | Villager (Male) |
| 39:32 | Create | Villager (Male) |
| 39:32 | Create | Villager (Male) |
| 40:41 | Build | Outpost |
| 41:46 | Build | Castle |
| 41:56 | Create | Villager (Male) |
| 41:56 | Create | Villager (Male) |
| 41:57 | Create | Villager (Male) |
| 41:57 | Create | Villager (Male) |
| 41:57 | Create | Villager (Male) |
| 43:54 | Build | Castle |
| 44:00 | Create | Villager (Male) |
| 44:42 | Build | Farm |
| 44:42 | Build | Farm |
| 44:42 | Build | Farm |
| 44:43 | Build | Farm |
| 44:43 | Build | Farm |
| 44:43 | Build | Farm |
| 44:44 | Build | Farm |
| 45:00 | Build | Mining Camp |
| 46:12 | Create | Villager (Male) |
| 46:12 | Create | Villager (Male) |
| 46:13 | Create | Villager (Male) |
| 46:13 | Create | Villager (Male) |
| 46:13 | Create | Villager (Male) |
| 46:14 | Create | Villager (Male) |
| 46:14 | Create | Villager (Male) |
| 46:14 | Create | Villager (Male) |
| 46:38 | Build | Town Center |
| 46:48 | Create | Villager (Male) |
Build order — Cocoa
First 150 of 186 actions detected
| 0:29 | Build | Town Center |
| 0:35 | Build | House |
| 0:37 | Build | House |
| 0:38 | Build | House |
| 3:01 | Create | Villager (Male) ×5 |
| 5:20 | Create | Villager (Male) |
| 5:20 | Create | Villager (Male) |
| 6:00 | Create | Villager (Male) |
| 6:00 | Create | Villager (Male) |
| 6:00 | Create | Villager (Male) |
| 6:13 | Build | Lumber Camp |
| 6:46 | Create | Villager (Male) ×2 |
| 7:48 | Create | Villager (Male) ×2 |
| 7:56 | Build | Mill |
| 8:09 | Create | Villager (Male) |
| 8:25 | Create | Villager (Male) |
| 8:31 | Create | Villager (Male) |
| 9:10 | Build | Mill |
| 9:23 | Create | Villager (Male) |
| 9:35 | Create | Villager (Male) |
| 10:48 | Create | Villager (Male) |
| 10:51 | Create | Villager (Male) |
| 10:55 | Build | House |
| 11:04 | Build | House |
| 11:54 | Build | House |
| 12:04 | Create | Villager (Male) |
| 12:06 | Create | Villager (Male) |
| 12:06 | Create | Villager (Male) |
| 12:40 | Build | Mining Camp |
| 14:02 | Build | Farm |
| 14:03 | Build | Farm |
| 14:04 | Research | Feudal Age |
| 14:07 | Build | Farm |
| 14:51 | Build | Farm |
| 14:54 | Build | Farm |
| 14:56 | Build | Farm |
| 14:57 | Build | Farm |
| 15:53 | Build | Mill |
| 16:08 | Age | Feudal Age |
| 16:40 | Create | Villager (Male) ×5 |
| 17:25 | Build | Farm |
| 17:30 | Build | Farm |
| 17:33 | Research | Horse Collar |
| 17:54 | Build | Barracks |
| 18:31 | Create | Villager (Male) |
| 18:32 | Create | Villager (Male) |
| 18:43 | Build | Mining Camp |
| 18:54 | Research | Man-at-Arms (upgrade) |
| 19:12 | Create | Militia ×5 |
| 19:27 | Build | Watch Tower |
| 19:42 | Build | Stone Wall |
| 19:52 | Create | Villager (Male) |
| 19:52 | Create | Villager (Male) |
| 19:58 | Build | House |
| 20:01 | Build | House |
| 20:05 | Build | Mining Camp |
| 20:32 | Build | Farm |
| 21:40 | Create | Militia ×5 |
| 22:00 | Build | Stone Wall |
| 22:11 | Build | Stone Wall |
| 22:16 | Build | Farm |
| 22:18 | Create | Villager (Male) ×5 |
| 22:32 | Build | Farm |
| 22:33 | Build | Farm |
| 22:35 | Build | Farm |
| 22:38 | Build | Farm |
| 22:39 | Build | Farm |
| 22:42 | Build | Farm |
| 22:48 | Build | House |
| 23:13 | Build | House |
| 23:19 | Build | Farm |
| 23:50 | Build | Lumber Camp |
| 25:02 | Build | Farm |
| 26:04 | Create | Villager (Male) |
| 26:05 | Create | Villager (Male) |
| 26:27 | Build | Farm |
| 26:48 | Build | House |
| 27:13 | Build | Blacksmith |
| 27:24 | Create | Villager (Male) ×5 |
| 27:47 | Build | Market |
| 27:56 | Build | Farm |
| 29:33 | Build | Lumber Camp |
| 30:05 | Research | Castle Age |
| 32:06 | Build | Mining Camp |
| 32:30 | Age | Castle Age |
| 32:38 | Build | Town Center |
| 32:42 | Create | Villager (Male) ×5 |
| 34:30 | Build | Castle |
| 34:57 | Build | Mining Camp |
| 35:47 | Build | Mining Camp |
| 36:20 | Create | War Elephant ×5 |
| 36:25 | Create | War Elephant ×5 |
| 36:28 | Create | War Elephant |
| 36:32 | Create | Villager (Male) ×5 |
| 36:32 | Create | Villager (Male) ×5 |
| 37:43 | Build | Farm |
| 37:44 | Create | Villager (Male) |
| 38:01 | Build | Farm |
| 38:59 | Build | Farm |
| 39:01 | Build | Farm |
| 39:13 | Create | Villager (Male) ×3 |
| 39:44 | Build | Farm |
| 39:49 | Build | Farm |
| 39:52 | Create | Villager (Male) ×4 |
| 39:57 | Build | House |
| 39:59 | Build | House |
| 40:01 | Build | House |
| 40:02 | Build | House |
| 40:03 | Build | House |
| 40:56 | Build | Mill |
| 41:13 | Build | Farm |
| 41:14 | Build | Farm |
| 41:16 | Build | Farm |
| 41:17 | Build | Farm |
| 41:18 | Build | Farm |
| 41:19 | Build | Farm |
| 41:27 | Create | Villager (Male) |
| 41:28 | Create | Villager (Male) |
| 43:14 | Create | War Elephant |
| 43:27 | Build | Mining Camp |
| 43:40 | Build | Castle |
| 43:46 | Create | Villager (Male) ×5 |
| 43:55 | Build | Farm |
| 44:00 | Create | Villager (Male) |
| 44:01 | Create | Villager (Male) |
| 44:08 | Research | Heavy Plow |
| 44:37 | Create | Villager (Male) ×2 |
| 44:46 | Build | Town Center |
| 44:52 | Create | Villager (Male) |
| 46:13 | Create | War Elephant |
| 46:51 | Build | Farm |
| 46:55 | Research | Loom |
| 46:56 | Research | Wheelbarrow |
| 47:17 | Create | War Elephant |
| 47:28 | Build | Farm |
| 47:30 | Create | Villager (Male) ×3 |
| 47:35 | Build | Farm |
| 47:41 | Create | Villager (Male) |
| 48:03 | Build | Monastery |
| 48:23 | Create | Villager (Male) ×3 |
| 48:25 | Create | Villager (Male) |
| 48:28 | Build | Farm |
| 48:46 | Build | Stable |
| 48:48 | Build | Stable |
| 48:50 | Build | Stable |
| 48:55 | Create | Villager (Male) |
| 48:56 | Create | Villager (Male) |
| 48:56 | Create | Villager (Male) |
| 49:01 | Build | Farm |
| 49:08 | Create | Villager (Male) |
Build order — elrisas
First 150 of 278 actions detected
| 1:46 | Build | Town Center |
| 3:20 | Build | House |
| 3:25 | Build | House |
| 3:55 | Create | Villager (Male) |
| 3:55 | Create | Villager (Male) |
| 3:56 | Create | Villager (Male) |
| 3:56 | Create | Villager (Male) |
| 3:56 | Create | Villager (Male) |
| 3:56 | Create | Villager (Male) |
| 6:32 | Create | Villager (Male) |
| 6:32 | Create | Villager (Male) |
| 6:32 | Create | Villager (Male) |
| 6:33 | Create | Villager (Male) |
| 6:56 | Research | Loom |
| 7:59 | Create | Villager (Male) |
| 7:59 | Create | Villager (Male) |
| 7:59 | Create | Villager (Male) |
| 8:46 | Create | Villager (Male) |
| 8:46 | Create | Villager (Male) |
| 9:39 | Build | House |
| 9:41 | Build | House |
| 9:54 | Build | Palisade Wall |
| 9:56 | Create | Villager (Male) |
| 9:56 | Create | Villager (Male) |
| 9:57 | Create | Villager (Male) |
| 9:57 | Create | Villager (Male) |
| 9:57 | Create | Villager (Male) |
| 9:57 | Create | Villager (Male) |
| 10:14 | Build | Mill |
| 10:33 | Build | Palisade Wall |
| 11:15 | Build | Palisade Gate |
| 11:32 | Create | Villager (Male) |
| 11:33 | Create | Villager (Male) |
| 11:33 | Create | Villager (Male) |
| 12:28 | Build | Mining Camp |
| 12:37 | Build | Mining Camp |
| 12:46 | Create | Villager (Male) |
| 13:34 | Build | Mill |
| 13:43 | Research | Feudal Age |
| 14:40 | Build | Palisade Wall |
| 14:48 | Build | Palisade Gate |
| 14:50 | Build | Palisade Wall |
| 15:18 | Create | Villager (Male) |
| 15:18 | Create | Villager (Male) |
| 15:18 | Create | Villager (Male) |
| 15:35 | Build | House |
| 15:36 | Build | House |
| 15:53 | Age | Feudal Age |
| 16:04 | Build | Town Center |
| 16:23 | Build | Blacksmith |
| 17:16 | Build | Palisade Wall |
| 17:27 | Create | Villager (Male) |
| 17:27 | Create | Villager (Male) |
| 17:28 | Create | Villager (Male) |
| 18:06 | Build | Barracks |
| 18:21 | Build | Mining Camp |
| 18:42 | Create | Villager (Male) |
| 18:42 | Create | Villager (Male) |
| 18:42 | Create | Villager (Male) |
| 18:42 | Create | Villager (Male) |
| 18:43 | Create | Villager (Male) |
| 18:43 | Create | Villager (Male) |
| 19:24 | Build | Palisade Wall |
| 19:46 | Build | Palisade Wall |
| 19:54 | Build | Farm |
| 19:57 | Research | Horse Collar |
| 20:02 | Create | Villager (Male) |
| 20:02 | Create | Villager (Male) |
| 20:02 | Create | Villager (Male) |
| 20:06 | Build | Farm |
| 20:06 | Build | Farm |
| 20:07 | Build | Farm |
| 20:18 | Build | Farm |
| 20:23 | Build | Lumber Camp |
| 20:44 | Build | Palisade Wall |
| 20:55 | Build | Palisade Wall |
| 21:00 | Build | Palisade Wall |
| 21:24 | Build | Farm |
| 21:25 | Build | Farm |
| 21:25 | Build | Farm |
| 21:25 | Build | Farm |
| 21:26 | Build | Farm |
| 21:27 | Build | Farm |
| 21:38 | Build | Farm |
| 21:39 | Create | Villager (Male) |
| 21:40 | Create | Villager (Male) |
| 21:40 | Create | Villager (Male) |
| 21:40 | Create | Villager (Male) |
| 21:53 | Build | Outpost |
| 22:04 | Build | Stable |
| 22:27 | Build | Farm |
| 22:29 | Create | Villager (Male) |
| 22:29 | Create | Villager (Male) |
| 22:29 | Create | Villager (Male) |
| 22:37 | Build | Farm |
| 22:53 | Build | Barracks |
| 23:08 | Build | House |
| 23:09 | Build | House |
| 23:10 | Build | House |
| 23:12 | Build | House |
| 23:41 | Build | Farm |
| 24:17 | Create | Spearman |
| 24:17 | Create | Spearman |
| 24:23 | Create | Spearman |
| 24:23 | Create | Spearman |
| 24:39 | Research | Forging |
| 24:43 | Create | Spearman |
| 24:43 | Create | Spearman |
| 24:47 | Create | Spearman |
| 24:47 | Create | Spearman |
| 25:00 | Build | Farm |
| 25:00 | Build | Farm |
| 25:01 | Build | Farm |
| 25:20 | Research | Scale Mail Armor |
| 26:07 | Build | Barracks |
| 26:09 | Build | Barracks |
| 26:10 | Build | Barracks |
| 26:22 | Research | Wheelbarrow |
| 27:26 | Build | Farm |
| 27:47 | Build | Barracks |
| 28:05 | Research | Castle Age |
| 28:13 | Create | Spearman |
| 28:14 | Create | Spearman |
| 28:14 | Create | Spearman |
| 28:14 | Create | Spearman |
| 28:23 | Build | House |
| 28:24 | Build | House |
| 28:26 | Build | House |
| 28:31 | Build | House |
| 28:32 | Build | House |
| 28:34 | Build | House |
| 28:36 | Build | House |
| 28:38 | Build | House |
| 28:54 | Create | Villager (Male) |
| 28:55 | Create | Villager (Male) |
| 28:55 | Create | Villager (Male) |
| 28:55 | Create | Villager (Male) |
| 28:55 | Create | Villager (Male) |
| 29:21 | Build | House |
| 29:23 | Build | House |
| 29:47 | Create | Spearman |
| 29:47 | Create | Spearman |
| 29:48 | Create | Spearman |
| 29:48 | Create | Spearman |
| 29:48 | Create | Spearman |
| 30:45 | Age | Castle Age |
| 31:10 | Create | Spearman |
| 31:10 | Create | Spearman |
| 31:11 | Create | Spearman |
| 31:11 | Create | Spearman |
Match timeline
| 9:54 | elrisas · wall_segment Palisade Wall x5 |
| 10:33 | elrisas · wall_segment Palisade Wall x1 |
| 13:04 | ChampioN · first_building Barracks |
| 13:11 | Marlia · age_up feudal |
| 13:54 | ChampioN · age_up feudal |
| 14:07 | REMENDAR · wall_segment Palisade Wall x1 |
| 14:16 | REMENDAR · age_up feudal |
| 14:26 | ChampioN · first_building Stable |
| 14:40 | elrisas · wall_segment Palisade Wall x1 |
| 14:50 | elrisas · wall_segment Palisade Wall x1 |
| 15:15 | ChampioN · wall_segment Palisade Wall x2 |
| 15:48 | REMENDAR · first_building Barracks |
| 15:53 | elrisas · age_up feudal |
| 15:54 | Dark King · first_building Barracks |
| 15:57 | ChampioN · wall_segment Palisade Wall x1 |
| 16:08 | Cocoa · age_up feudal |
| 16:13 | Henry_V · wall_segment Palisade Wall x1 |
| 16:47 | REMENDAR · first_building Archery Range |
| 16:51 | Dark King · age_up feudal |
| 17:04 | Rog3rX · age_up feudal |
| 17:15 | Dark King · first_building Stable |
| 17:16 | elrisas · wall_segment Palisade Wall x9 |
| 17:23 | ChampioN · wall_segment Palisade Wall x3 |
| 17:27 | Henry_V · wall_segment Palisade Wall x1 |
| 17:45 | Henry_V · age_up feudal |
| 17:54 | Cocoa · first_building Barracks |
| 18:02 | Marlia · age_up castle |
| 18:06 | elrisas · first_building Barracks |
| 18:10 | Henry_V · wall_segment Stone Wall x1 |
| 18:14 | Marlia · first_market_buy 100 stone |
| 18:19 | ChampioN · wall_segment Palisade Wall x3 |
| 18:45 | Henry_V · wall_segment Stone Wall x1 |
| 18:52 | Rog3rX · first_building Barracks |
| 19:24 | elrisas · wall_segment Palisade Wall x8 |
| 19:42 | Cocoa · wall_segment Stone Wall x18 |
| 19:46 | elrisas · wall_segment Palisade Wall x11 |
| 20:01 | ChampioN · wall_segment Palisade Wall x3 |
| 20:12 | ChampioN · wall_segment Palisade Wall x5 |
| 20:38 | Rog3rX · first_building Archery Range |
| 20:44 | elrisas · wall_segment Palisade Wall x2 |
| 20:55 | elrisas · wall_segment Palisade Wall x4 |
| 20:57 | ChampioN · wall_segment Palisade Wall x5 |
| 21:00 | elrisas · wall_segment Palisade Wall x5 |
| 21:04 | ChampioN · wall_segment Palisade Wall x5 |
| 21:36 | Henry_V · wall_segment Stone Wall x1 |
| 22:00 | Cocoa · wall_segment Stone Wall x5 |
| 22:03 | Dark King · age_up castle |
| 22:04 | elrisas · first_building Stable |
| 22:08 | ChampioN · age_up castle |
| 22:11 | Cocoa · wall_segment Stone Wall x5 |
| 22:12 | ChampioN · first_building Castle |
| 22:18 | Dark King · first_building Castle |
| 22:21 | Henry_V · wall_segment Stone Wall x1 |
| 22:30 | Henry_V · age_up castle |
| 24:13 | Henry_V · first_building Castle |
| 24:18 | REMENDAR · first_market_buy 100 food |
| 24:29 | Rog3rX · age_up castle |
| 27:16 | Marlia · tribute_sent a jugador 1 |
| 27:16 | Marlia · tribute_sent a jugador 2 |
| 27:16 | Marlia · tribute_sent a jugador 3 |
| 27:16 | Marlia · tribute_sent a jugador 4 |
| 27:16 | Marlia · tribute_sent a jugador 6 |
| 27:16 | Marlia · tribute_sent a jugador 7 |
| 27:16 | Marlia · tribute_sent a jugador 8 |
| 27:25 | REMENDAR · age_up castle |
| 27:40 | REMENDAR · first_market_sell 100 wood |
| 27:52 | REMENDAR · first_building Castle |
| 27:56 | Rog3rX · first_market_buy 100 stone |
| 28:10 | Marlia · first_building Barracks |
| 28:18 | REMENDAR · wall_segment Palisade Wall x1 |
| 29:06 | Marlia · tribute_sent a jugador 1 |
| 29:06 | Marlia · tribute_sent a jugador 2 |
| 29:06 | Marlia · tribute_sent a jugador 3 |
| 29:06 | Marlia · tribute_sent a jugador 4 |
| 29:06 | Marlia · tribute_sent a jugador 6 |
| 29:06 | Marlia · tribute_sent a jugador 7 |
| 29:06 | Marlia · tribute_sent a jugador 8 |
| 29:44 | Henry_V · first_market_buy 100 stone |
| 30:17 | Marlia · first_market_sell 100 food |
| 30:31 | Marlia · first_building Castle |
| 30:45 | elrisas · age_up castle |
| 31:47 | REMENDAR · first_building Siege Workshop |
| 31:49 | Marlia · first_building Siege Workshop |
| 32:19 | ChampioN · first_building Archery Range |
| 32:30 | Cocoa · age_up castle |
| 34:29 | ChampioN · wall_segment Palisade Wall x1 |
| 34:30 | Cocoa · first_building Castle |
| 34:40 | elrisas · first_building Archery Range |
| 36:23 | elrisas · first_building Castle |
| 36:35 | Dark King · age_up imperial |
| 37:58 | ChampioN · first_market_sell 100 food |
| 38:31 | Dark King · first_building Monastery |
| 38:36 | Rog3rX · first_building Stable |
| 40:53 | Henry_V · first_building Barracks |
| 41:19 | ChampioN · age_up imperial |
| 41:46 | Rog3rX · first_building Castle |
| 42:53 | Marlia · age_up imperial |
| 43:56 | REMENDAR · first_building Monastery |
| 45:47 | Henry_V · wall_segment Stone Wall x6 |
| 46:51 | REMENDAR · first_building Stable |
| 47:38 | Henry_V · age_up imperial |
| 48:03 | Cocoa · first_building Monastery |
| 48:26 | elrisas · resign |
| 48:46 | Cocoa · first_building Stable |
| 51:20 | REMENDAR · age_up imperial |
| 57:20 | Cocoa · first_building Siege Workshop |
[ AI ANALYSIS · 1 CREDIT ]
What really happened in this match?
Wolo.gg analyzes every decision: build order, eco, micro, common mistakes by bracket. Personalized analysis on WhatsApp or Discord in 30 seconds.
Civ guide
Poles
Perfil
Jugador #24098955